Workbook

Sheet 镇级收支总表
A2: 鹤山市2024年鹤城镇政府性基金预算收支预算表
F3: 单位：万元
A4: 收入项目 | D4: 支出项目
A5: 科目号 | B5: 科目名称 | C5: 2024年预算 | D5: 科目号 | E5: 科目名称 | F5: 2024年预算
A6: 一、政府性基金预算收入 | C6: =SUM(C7:C12) -> 2050 | D6: 一、政府性基金预算支出 | F6: =SUM(F7:F9)+SUM(F14:F18) -> 2050
A7: 1030147 | B7: 农业土地开发资金收入 | C7: =镇级基金收入!C6 -> 0 | D7: 207 | E7: 文化旅游体育与传媒支出 | F7: =镇级基金支出!C6 -> 0
A8: 1030148 | B8: 国有土地使用权出让收入 | C8: =镇级基金收入!C7 -> 1500 | D8: 208 | E8: 社会保障和就业支出 | F8: =镇级基金支出!C10 -> 0
A9: 1030155 | B9: 彩票公益金收入 | C9: =镇级基金收入!C13 -> 0 | D9: 212 | E9: 城乡社区支出 | F9: =SUM(F10:F13) -> 2050
A10: 1030156 | B10: 城市基础设施配套费收入 | C10: =镇级基金收入!C16 -> 0 | D10: 21208 | E10: 国有土地使用权出让收入安排的支出 | F10: =镇级基金支出!C20 -> 1500
A11: 1030178 | B11: 污水处理费收入 | C11: =镇级基金收入!C17 -> 550 | D11: 21211 | E11: 农业土地开发资金安排的支出 | F11: =镇级基金支出!C31 -> 0
D12: 21213 | E12: 城市基础设施配套费安排的支出 | F12: =-镇级基金支出!C32 -> 0
D13: 21214 | E13: 污水处理费安排的支出 | F13: =镇级基金支出!C36 -> 550
D14: 213 | E14: 农林水支出 | F14: =镇级基金支出!C40 -> 0
D15: 214 | E15: 交通运输支出 | F15: =镇级基金支出!C46 -> 0
D16: 229 | E16: 其他支出 | F16: =镇级基金支出!C49 -> 0
D17: 232 | E17: 债务付息支出 | F17: =镇级基金支出!C61 -> 0
D18: 233 | E18: 债务发行费用支出 | F18: =镇级基金支出!C67 -> 0
A19: 二、政府性基金转移支付收入 | C19: =镇级基金收入!C19 -> 0 | D19: 二、上解支出 | F19: =镇级基金支出!C80 -> 0
A20: 三、上年结余收入 | C20: =镇级基金收入!C21 -> 0 | D20: 三、债务还本支出 | F20: =镇级基金支出!C82 -> 0
A21: 四、债务转贷收入 | C21: =镇级基金收入!C23 -> 0 | D21: 五、调出资金 | F21: =镇级基金支出!C84 -> 0
A22: 五、县对镇的补助收人 | C22: =镇级基金收入!C27 -> 0 | D22: 六、年终结余 | F22: =镇级基金支出!C86 -> 0
A23: 收入合计 | C23: =C6+C19+C20+C21+C22 -> 2050 | D23: 支出合计 | F23: =F6+F21+F22+F19+F20 -> 2050

Sheet 镇级收支总表 (2)
A2: 鹤山市2024年鹤城镇政府性基金预算收支预算表
F3: 单位：万元
A4: 收入项目 | D4: 支出项目
A5: 科目号 | B5: 科目名称 | C5: 2024年预算 | D5: 科目号 | E5: 科目名称 | F5: 2024年预算
A6: 一、政府性基金预算收入 | C6: =SUM(C7:C8) -> 2050 | D6: 一、政府性基金预算支出 | F6: =SUM(F7:F7)+SUM(F10:F10) -> 2050
A7: 1030148 | B7: 国有土地使用权出让收入 | C7: =镇级基金收入!C7 -> 1500 | D7: 212 | E7: 城乡社区支出 | F7: =SUM(F8:F9) -> 2050
A8: 1030178 | B8: 污水处理费收入 | C8: =镇级基金收入!C17 -> 550 | D8: 21208 | E8: 国有土地使用权出让收入安排的支出 | F8: =镇级基金支出!C20 -> 1500
D9: 21214 | E9: 污水处理费安排的支出 | F9: =镇级基金支出!C36 -> 550
A15: 二、政府性基金转移支付收入 | C15: =镇级基金收入!C19 -> 0 | D15: 二、上解支出 | F15: =镇级基金支出!C80 -> 0
A16: 三、上年结余收入 | C16: =镇级基金收入!C21 -> 0 | D16: 三、债务还本支出 | F16: =镇级基金支出!C82 -> 0
A17: 四、债务转贷收入 | C17: =镇级基金收入!C23 -> 0 | D17: 五、调出资金 | F17: =镇级基金支出!C84 -> 0
A18: 五、县对镇的补助收人 | C18: =镇级基金收入!C27 -> 0 | D18: 六、年终结余 | F18: =镇级基金支出!C86 -> 0
A19: 收入合计 | C19: =C6+C15+C16+C17+C18 -> 2050 | D19: 支出合计 | F19: =F6+F17+F18+F15+F16 -> 2050

Sheet 镇级基金收入
A2: 鹤山市2024年鹤城镇政府性基金预算 收入预算表
C3: 单位:万元
A4: 科目号 | B4: 科目名称 | C4: 2024年预算
A5: 一、政府性基金预算收入 | C5: =C6+C7+C13+C16+C17+C18 -> 2050
A6: 1030147 | B6: 农业土地开发资金收入
A7: 1030148 | B7: 国有土地使用权出让收入 | C7: =SUM(C8:C12) -> 1500
A8: 103014801 | B8: 土地出让价款收入 | C8: 1500
A9: 103014802 | B9: 补缴的土地价款
A10: 103014803 | B10: 划拨土地收入
A11: 103014898 | B11: 缴纳新增建设用地土地有偿使用费
A12: 103014899 | B12: 其他土地出让收入
A13: 1030155 | B13: 彩票公益金收入 | C13: =C14+C15 -> 0
A14: 103015501 | B14: 福利彩票公益金收入
A15: 103015502 | B15: 体育彩票公益金收入
A16: 1030156 | B16: 城市基础设施配套费收入
A17: 1030178 | B17: 污水处理费收入 | C17: 550
A18: 1030180 | B18: 彩票发行机构和彩票销售机构的业务费用
A19: 二、政府性基金转移支付收入 | C19: =C20 -> 0
A20: 11004 | B20: 政府性基金转移支付收入
A21: 三、上年结余收入 | C21: =C22 -> 0
A22: 1100802 | B22: 政府性基金预算上年结余收入
A23: 四、债务转贷收入 | C23: =C24 -> 0
A24: 1101102 | B24: 地方政府专项债务转贷收入
A25: 五、调入资金 | C25: =C26 -> 0
A26: 1100902 | B26: 调入政府性基金预算资金
A27: 六、县对镇补助收入
A28: 收入合计 | C28: =C5+C19+C21+C23+C27 -> 2050

Sheet 镇级基金支出
A2: 鹤山市2024年鹤城镇政府性基金预算 支出预算表
C3: 单位:万元
A4: 科目号 | B4: 科目名称 | C4: 2024年预算
A5: 一、政府性基金预算支出 | C5: =C6+C10+C19+C40+C46+C61+C67+C49 -> 2050
A6: 207 | B6: 文化旅游体育与传媒支出 | C6: =C7 -> 0
A7: 20707 | B7: 国家电影事业发展专项资金安排的支出 | C7: =C8+C9 -> 0
A8: 2070702 | B8: 资助影院建设 | C8: =IFERROR(VLOOKUP(A8,Sheet4!A:D,4,0),0) -> 0
A9: 2070799 | B9: 其他国家电影事业发展专项资金支出 | C9: =IFERROR(VLOOKUP(A9,Sheet4!A:D,4,0),0) -> 0
A10: 208 | B10: 社会保障和就业支出 | C10: =C11+C15 -> 0
A11: 20822 | B11: 大中型水库移民后期扶持基金支出 | C11: =C12+C13+C14 -> 0
A12: 2082201 | B12: 移民补助 | C12: =IFERROR(VLOOKUP(A12,Sheet4!A:D,4,0),0) -> 0
A13: 2082202 | B13: 基础设施建设和经济发展 | C13: =IFERROR(VLOOKUP(A13,Sheet4!A:D,4,0),0) -> 0
A14: 2082299 | B14: 其他大中型水库移民后期扶持基金支出 | C14: =IFERROR(VLOOKUP(A14,Sheet4!A:D,4,0),0) -> 0
A15: 20823 | B15: 小型水库移民扶助基金安排的支出 | C15: =C16+C17+C18 -> 0
A16: 2082301 | B16: 移民补助 | C16: =IFERROR(VLOOKUP(A16,Sheet4!A:D,4,0),0) -> 0
A17: 2082302 | B17: 基础设施建设和经济发展 | C17: =IFERROR(VLOOKUP(A17,Sheet4!A:D,4,0),0) -> 0
A18: 2082399 | B18: 其他小型水库移民扶助基金支出 | C18: =IFERROR(VLOOKUP(A18,Sheet4!A:D,4,0),0) -> 0
A19: 212 | B19: 城乡社区支出 | C19: =C20+C31+C32+C36 -> 2050
A20: 21208 | B20: 国有土地使用权出让收入及对应专项债务收入安排的支出 | C20: =SUM(C21:C30) -> 1500
A21: 2120801 | B21: 征地和拆迁补偿支出 | C21: =IFERROR(VLOOKUP(A21,Sheet4!A:D,4,0),0) -> 0
A22: 2120802 | B22: 土地开发支出 | C22: =IFERROR(VLOOKUP(A22,Sheet4!A:D,4,0),0) -> 0
A23: 2120803 | B23: 城市建设支出 | C23: =IFERROR(VLOOKUP(A23,Sheet4!A:D,4,0),0) -> 0
A24: 2120804 | B24: 农村基础设施建设支出 | C24: 1500
A25: 2120805 | B25: 补助被征地农民支出 | C25: =IFERROR(VLOOKUP(A25,Sheet4!A:D,4,0),0) -> 0
A26: 2120806 | B26: 土地出让业务支出
A27: 2120814 | B27: 农村生产发展支出 | C27: =IFERROR(VLOOKUP(A27,Sheet4!A:D,4,0),0) -> 0
A28: 2120815 | B28: 农村社会事业支出 | C28: =IFERROR(VLOOKUP(A28,Sheet4!A:D,4,0),0) -> 0
A29: 2120816 | B29: 农业农村生态环境支出
A30: 2120899 | B30: 其他国有土地使用权出让收入安排的支出
A31: 21211 | B31: 农业土地开发资金安排的支出 | C31: =IFERROR(VLOOKUP(A31,Sheet4!A:D,4,0),0) -> 0
A32: 21213 | B32: 城市基础设施配套费安排的支出 | C32: =C33+C34+C35 -> 0
A33: 2121301 | B33: 城市公共设施 | C33: =IFERROR(VLOOKUP(A33,Sheet4!A:D,4,0),0) -> 0
A34: 2121302 | B34: 城市环境卫生 | C34: =IFERROR(VLOOKUP(A34,Sheet4!A:D,4,0),0) -> 0
A35: 2121399 | B35: 其他城市基础设施配套费安排的支出 | C35: =IFERROR(VLOOKUP(A35,Sheet4!A:D,4,0),0) -> 0
A36: 21214 | B36: 污水处理费安排的支出 | C36: =C37+C38+C39 -> 550
A37: 2121401 | B37: 污水处理设施建设和运营 | C37: =IFERROR(VLOOKUP(A37,Sheet4!A:D,4,0),0) -> 0
A38: 2121402 | B38: 代征手续费 | C38: =IFERROR(VLOOKUP(A38,Sheet4!A:D,4,0),0) -> 0
A39: 2121499 | B39: 其他污水处理费安排的支出 | C39: 550
A40: 213 | B40: 农林水支出 | C40: =C41+C44 -> 0
A41: 21366 | B41: 大中型水库库区基金安排的支出 | C41: =C42+C43 -> 0
A42: 2136601 | B42: 基础设施建设和经济发展 | C42: =IFERROR(VLOOKUP(A42,Sheet4!A:D,4,0),0) -> 0
A43: 2136699 | B43: 其他大中型水库库区基金支出 | C43: =IFERROR(VLOOKUP(A43,Sheet4!A:D,4,0),0) -> 0
A44: 21369 | B44: 国家重大水利工程建设基金收入 | C44: =C45 -> 0
A45: 2136902 | B45: 三峡工程后续工作 | C45: =IFERROR(VLOOKUP(A45,Sheet4!A:D,4,0),0) -> 0
A46: 214 | B46: 交通运输支出 | C46: =C47 -> 0
A47: 21462 | B47: 车辆通行费安排的支出 | C47: =C48 -> 0
A48: 2146299 | B48: 其他车辆通行费安排的支出 | C48: =IFERROR(VLOOKUP(A48,Sheet4!A:D,4,0),0) -> 0
A49: 229 | B49: 其他支出 | C49: =C50+C51+C54 -> 0
A50: 22904 | B50: 其他政府性基金及对应专项债务收入安排的支出 | C50: =IFERROR(VLOOKUP(A50,Sheet4!A:D,4,0),0) -> 0
A51: 22908 | B51: 彩票发行销售机构业务费安排的支出 | C51: =C52+C53 -> 0
A52: 2290804 | B52: 福利彩票销售机构的业务费支出 | C52: =IFERROR(VLOOKUP(A52,Sheet4!A:D,4,0),0) -> 0
A53: 2290805 | B53: 体育彩票销售机构的业务费支出 | C53: =IFERROR(VLOOKUP(A53,Sheet4!A:D,4,0),0) -> 0
A54: 22960 | B54: 彩票公益金安排的支出 | C54: =SUM(C55:C60) -> 0
A55: 2296002 | B55: 用于社会福利的彩票公益金支出 | C55: =IFERROR(VLOOKUP(A55,Sheet4!A:D,4,0),0) -> 0
A56: 2296003 | B56: 用于体育事业的彩票公益金支出 | C56: =IFERROR(VLOOKUP(A56,Sheet4!A:D,4,0),0) -> 0
A57: 2296004 | B57: 用于教育事业的彩票公益金支出 | C57: =IFERROR(VLOOKUP(A57,Sheet4!A:D,4,0),0) -> 0
A58: 2296006 | B58: 用于残疾人事业的彩票公益金支出 | C58: =IFERROR(VLOOKUP(A58,Sheet4!A:D,4,0),0) -> 0
A59: 2296013 | B59: 用于城乡医疗救助的彩票公益金支出 | C59: =IFERROR(VLOOKUP(A59,Sheet4!A:D,4,0),0) -> 0
A60: 2296099 | B60: 用于其他社会公益事业的彩票公益金支出 | C60: =IFERROR(VLOOKUP(A60,Sheet4!A:D,4,0),0) -> 0
A61: 232 | B61: 债务付息支出 | C61: =C62 -> 0
A62: 23204 | B62: 地方政府专项债务付息支出 | C62: =SUM(C63:C66) -> 0
A63: 2320411 | B63: 国有土地使用权出让金债务付息支出 | C63: =IFERROR(VLOOKUP(A63,Sheet4!A:D,4,0),0) -> 0
A64: 2320431 | B64: 土地储备专项债券付息支出 | C64: =IFERROR(VLOOKUP(A64,Sheet4!A:D,4,0),0) -> 0
A65: 2320498 | B65: 其他地方自行试点项目收益专项债券付息支出 | C65: =IFERROR(VLOOKUP(A65,Sheet4!A:D,4,0),0) -> 0
A66: 2320499 | B66: 其他政府性基金债务付息支出 | C66: =IFERROR(VLOOKUP(A66,Sheet4!A:D,4,0),0) -> 0
A67: 233 | B67: 债务发行费用支出 | C67: =C68 -> 0
A68: 23304 | B68: 地方政府专项债务发行费用支出 | C68: =SUM(C69:C71) -> 0
A69: 2330411 | B69: 国有土地使用权出让金债务发行费用支出 | C69: =IFERROR(VLOOKUP(A69,Sheet4!A:D,4,0),0) -> 0
A70: 2330431 | B70: 土地储备专项债券发行费用支出 | C70: =IFERROR(VLOOKUP(A70,Sheet4!A:D,4,0),0) -> 0
A71: 2330498 | B71: 其他地方自行试点项目收益专项债券发行费用支出 | C71: =IFERROR(VLOOKUP(A71,Sheet4!A:D,4,0),0) -> 0
A72: 234 | B72: 抗疫特别国债安排的支出 | C72: =C73+C78 -> 0
A73: 23401 | B73: 基础设施建设 | C73: =SUM(C74:C77) -> 0
A74: 2340101 | B74: 公共卫生体系建设 | C74: =IFERROR(VLOOKUP(A74,Sheet4!A:D,4,0),0) -> 0
A75: 2340102 | B75: 重大疫情防控救治体系建设 | C75: =IFERROR(VLOOKUP(A75,Sheet4!A:D,4,0),0) -> 0
A76: 2340108 | B76: 生态环境治理 | C76: =IFERROR(VLOOKUP(A76,Sheet4!A:D,4,0),0) -> 0
A77: 2340109 | B77: 交通基础设施建设 | C77: =IFERROR(VLOOKUP(A77,Sheet4!A:D,4,0),0) -> 0
A78: 23402 | B78: 抗疫相关支出 | C78: =C79 -> 0
A79: 2340299 | B79: 其他抗疫相关支出 | C79: =IFERROR(VLOOKUP(A79,Sheet4!A:D,4,0),0) -> 0
A80: 二、上解支出 | C80: =C81 -> 0
A81: 2300603 | B81: 政府性基金上解支出
A82: 三、债务还本支出 | C82: =C83 -> 0
A83: 23104 | B83: 地方政府专项债务还本支出
A84: 四、调出资金 | C84: =C85 -> 0
A85: 2300802 | B85: 政府性基金预算调出资金
A86: 五、年终结余 | C86: =C87 -> 0
A87: 2300902 | B87: 政府性基金年终结余 | C87: =C88-C80-C82-C84-C5 -> 0
A88: 支出合计 | C88: =镇级基金收入!C28 -> 2050

Sheet Sheet4
A1: 行标签 | B1: 求和项:预算审核数
A2: 2120804 | B2: 15000000 | C2: =B2/10000 -> 1500 | D2: =ROUND(C2,0) -> 1500
A3: 2121499 | B3: 5500000 | C3: =B3/10000 -> 550 | D3: =ROUND(C3,0) -> 550
